 Dungeon Crawl Stone Soup version 0.17-b1-20-g63edfd6 (webtiles) character file.

1295 andalon the Grappler (level 8, 0/71 HPs)
             Began as a Minotaur Monk on Nov 4, 2015.
             Was a Priest of Yredelemnul.
             Succumbed to a red devil's poison
             ... on level 6 of the Dungeon.
             The game lasted 00:40:38 (5257 turns).

andalon the Grappler (Minotaur Monk)                Turns: 5257, Time: 00:40:38

Health: 0/71       AC: 12    Str: 16    XL:     8   Next: 30%
Magic:  7/7        EV: 14    Int:  9    God:    Yredelemnul [***...]
Gold:   261        SH:  0    Dex: 15    Spells: 0 memorised, 7 levels left

rFire  + . .     SeeInvis .       - Unarmed
rCold  . . .     Clarity  .     c - +0 ring mail
rNeg   . . .     SustAt   .     (no shield)
rPois  .         Gourm    .     (helmet restricted)
rElec  .         Spirit   .     k - +0 cloak
rCorr  .         Warding  .     (no gloves)
rMut   .         Stasis   .     (no boots)
MR     .....                    l - amulet of faith
Stlth  +.........               w - ring of protection from fire
                                j - +5 ring of protection

@: lethally poisoned (0 -> -38), about to teleport, very slightly contaminated,
glowing, drained, not resistant to hostile enchantments, very unstealthy
A: retaliatory headbutt, horns 2, iridescent scales 1, agile 1, deformed body
a: Recall Undead Slaves, Injury Mirror, Animate Dead, Renounce Religion


You were on level 6 of the Dungeon.
You worshipped Yredelemnul.
Yredelemnul was most pleased with you.
You were not hungry.

You visited 1 branch of the dungeon, and saw 6 of its levels.

You collected 261 gold pieces.

Inventory:

Hand Weapons
 f - a +3 quarterstaff of chaos
 o - a +0 club
 y - a +2 falchion of protection
 E - a +0 mace
Missiles
 n - 87 arrows
 p - 78 stones (quivered)
 C - 16 arrows of frost
Armour
 a - a +0 robe
 c - a +0 ring mail (worn)
 k - a +0 cloak (worn)
 A - a +0 chain mail
Rods
 m - a -2 rod of inaccuracy (13/13)
   (You found it on level 4 of the Dungeon)
Jewellery
 j - a +5 ring of protection (left hand)
 l - an amulet of faith (around neck)
 w - a ring of protection from fire (right hand)
Scrolls
 g - 2 scrolls of identify
 q - a scroll of fog
 F - a scroll of amnesia
Potions
 e - a potion of cure mutation
 r - 2 potions of curing
 s - a potion of brilliance
 u - a potion of flight
 v - a potion of agility
 x - 2 potions of heal wounds
Books
 t - a book of the Warp

   Spells                             Type                      Level
   a - Recall                         Summoning/Translocation      3
   b - Gell's Gravitas                Hexes/Translocation          3
   c - Force Lance                    Conjuration/Translocation    4
   d - Phase Shift                    Translocation                5
   e - Warp Weapon                    Charms/Translocation         5
   f - Summon Forest                  Summoning/Translocation      5
Comestibles
 b - 5 bread rations
 h - a beef jerky
 i - 3 meat rations
 z - 4 fruits
 B - 2 slices of pizza
 G - 3 chunks of flesh


   Skills:
 + Level 6.3(6.0) Fighting
 + Level 1.0(0.7) Throwing
 + Level 6.1(5.8) Dodging
 * Level 3.7(3.4) Stealth
 * Level 8.5(8.2) Unarmed Combat


You had 7 spell levels left.
You didn't know any spells.

Dungeon Overview and Level Annotations

Branches:
Dungeon (6/15)
 Temple: D:4-7

Altars:
Makhleb
Ru
Trog
Xom
Yredelemnul
The Shining One

Shops:
D:5 ==((


Innate Abilities, Weirdness & Mutations

You reflexively headbutt those who attack you in melee.
You have a pair of horns on your head.
You are partially covered in iridescent scales (AC +4).
You are agile. (Dex +2)
Armour fits poorly on your strangely shaped body.


Message History

Yredelemnul accepts your kill. The hound bites you.
* * * LOW HITPOINT WARNING * * *
The kobold demonologist casts a cantrip, but nothing happens.
The red devil hits you from afar with a demon trident of venom.
* * * LOW HITPOINT WARNING * * *
You are more poisoned.
You closely miss the hound.
You headbutt the hound, but do no damage.
The hound is heavily wounded.
* * * LOW HITPOINT WARNING * * *
You feel sick. The soul eater hits your mummy.
The hound bites you but does no damage. The quasit closely misses you.
You furiously retaliate!
You headbutt the quasit.
The quasit claws you but does no damage.
The quasit misses you.
Your mummy closely misses the kobold demonologist.
You swap places.
You die...
Your body rises from the dead as a mindless zombie.

.## # .....
..#.# # #.#.# .#
. #.#.##.#.#
##......... .
#<......###
....##.4.3.....?
.......K@#..###
......5#M# .#
.....5#5)h......
....3...........
..K.KK..#..#.##.
...K###..... #
..5. #. #.## ...
#. [. #. #.#


You could see a soul eater, 3 kobold demonologists, a smoke demon, a red devil,
a hound, a quasit, a shadow imp, an ufetubus and a friendly mummy.

Vanquished Creatures
  Duvessa (D:6)
  A phantom (D:4)
  2 ogres
  Dowan (D:6)
  2 scorpions
  A crimson imp (D:6)
  2 jellies (D:5)
  3 hounds (D:4)
  Crazy Yiuf (D:5)
  4 orc priests
  Jessica (D:2)
  A centaur skeleton (D:5)
  3 worker ants
  Terence (D:3)
  6 orc wizards
  5 adders
  2 oozes
  3 worms
  7 giant geckos
  10 orcs
  10 giant cockroaches
  11 goblins
  3 hobgoblins (D:1)
  3 jackals (D:1)
  5 kobolds
  A quokka (D:4)
  2 ball pythons
  11 bats
  A giant gecko skeleton (D:4)
  A giant gecko zombie (D:6)
  4 giant newts
  A jackal zombie (D:4)
  An orc zombie (D:4)
  3 rats
114 creatures vanquished.

Notes
Turn   | Place    | Note
--------------------------------------------------------------
     0 | D:1      | andalon the Minotaur Monk began the quest for the Orb.
     0 | D:1      | Reached XP level 1. HP: 19/19 MP: 0/0
   566 | D:1      | Reached XP level 2. HP: 27/27 MP: 1/1
  1029 | D:1      | Reached XP level 3. HP: 30/33 MP: 2/2
  1335 | D:2      | Found a basalt altar of Yredelemnul.
  1348 | D:2      | Became a worshipper of Yredelemnul the Dark
  1348 | D:2      | Reached * piety under Yredelemnul
  1348 | D:2      | Reached ** piety under Yredelemnul
  1403 | D:2      | Noticed Jessica
  1410 | D:2      | Killed Jessica
  1410 | D:2      | Reached XP level 4. HP: 25/41 MP: 3/3
  1773 | D:2      | Reached skill level 5 in Unarmed Combat
  2087 | D:2      | Gained mutation: You are agile. (Dex +2) [potion of mutation]
  2087 | D:2      | Gained mutation: You are partially covered in iridescent scales (AC +4). [potion of mutation]
  2087 | D:2      | Gained mutation: Armour fits poorly on your strangely shaped body. [potion of mutation]
  2354 | D:3      | Reached skill level 5 in Fighting
  2534 | D:3      | Noticed Terence
  2551 | D:3      | Killed Terence
  2614 | D:3      | Reached XP level 5. HP: 48/48 MP: 4/4
  2952 | D:3      | Found a bloodstained altar of Trog.
  3156 | D:4      | Noticed a phantom
  3195 | D:4      | Killed a phantom
  3258 | D:4      | Reached XP level 6. HP: 47/56 MP: 5/5
  3328 | D:4      | Found a glowing golden altar of the Shining One.
  3386 | D:4      | Noticed an ogre
  3396 | D:4      | Killed an ogre
  3396 | D:4      | Reached skill level 6 in Unarmed Combat
  3521 | D:4      | Found a sand-covered staircase.
  3629 | D:4      | Reached skill level 5 in Dodging
  3699 | D:4      | Reached *** piety under Yredelemnul
  3970 | D:4      | Reached XP level 7. HP: 61/61 MP: 6/6
  4143 | D:4      | Reached skill level 7 in Unarmed Combat
  4198 | D:4      | Identified a -2 rod of inaccuracy (13/13) (You found it on level 4 of the Dungeon)
  4283 | D:5      | Entered Level 5 of the Dungeon
  4408 | D:5      | Noticed Crazy Yiuf
  4417 | D:5      | Killed Crazy Yiuf
  4509 | D:5      | Found Samigo's Jewellery Shop.
  4590 | D:5      | Reached skill level 1 in Throwing
  4673 | D:5      | Found Foseroo's Jewellery Shoppe.
  4821 | D:5      | Reached skill level 8 in Unarmed Combat
  4821 | D:5      | Reached XP level 8. HP: 58/70 MP: 7/7
  4825 | D:5      | Found Wotwaeg's Antique Weapon Boutique.
  4829 | D:5      | Found a burning altar of Makhleb.
  4829 | D:5      | Found a shimmering altar of Xom.
  4839 | D:5      | Found a sacrificial altar of Ru.
  4853 | D:5      | Found Gesaipp's Antique Weapon Shop.
  5034 | D:5      | Received a gift from Yredelemnul
  5233 | D:6      | Noticed Dowan
  5235 | D:6      | Noticed a kobold demonologist
  5239 | D:6      | Noticed Duvessa
  5246 | D:6      | Killed Dowan
  5247 | D:6      | Noticed a red devil
  5249 | D:6      | Noticed a kobold demonologist
  5252 | D:6      | Noticed a kobold demonologist
  5253 | D:6      | Noticed a smoke demon
  5254 | D:6      | Noticed a soul eater
  5255 | D:6      | Killed Duvessa
  5257 | D:6      | Succumbed to a red devil's poison

Action                   |  1- 3 |  4- 6 |  7- 9 || total
-------------------------+-------+-------+-------++-------
Melee: Unarmed           |    64 |   151 |   130 ||   345
Throw: Stone             |       |    13 |       ||    13
  Use: Scroll            |     5 |     3 |     4 ||    12
       Potion            |     4 |     5 |     1 ||    10
  Eat: Chunk             |     1 |     8 |     4 ||    13
       Fruit             |       |     1 |       ||     1
